 Dungeon Crawl Stone Soup version 0.19-a0-1185-gacb3972 (webtiles) character file.

385 Gagarin the Bolt Thrower (level 6, -2/56 HPs)
             Began as a Deep Dwarf Hunter on Aug 18, 2016.
             Was an Initiate of Makhleb.
             Killed by divine providence
             ... invoked by an orc priest
              (7 damage)
             ... on level 4 of the Dungeon.
             The game lasted 00:12:49 (2465 turns).

Gagarin the Bolt Thrower (Deep Dwarf Hunter)        Turns: 2465, Time: 00:12:50

Health: -2/56      AC:  4    Str: 15      XL:     6   Next: 48%
Magic:  6/6        EV: 13    Int: 12      God:    Makhleb [......]
Gold:   135        SH:  0    Dex: 13 (15) Spells: 0 memorised, 5 levels left

rFire  . . .     SeeInvis .     u - +0 falchion
rCold  . . .     Gourm    .     c - +0 leather armour
rNeg   . . .     Faith    .     (no shield)
rPois  .         Spirit   .     y - +0 helmet
rElec  .         Dismiss  .     (no cloak)
rCorr  .         Reflect  .     (no gloves)
MR     .....     Harm     .     (no boots)
Stlth  +.........               (no amulet)
                                (no ring)
                                (no ring)

@: non-regenerating, slowed, very slow
A: damage resistance, recharge devices, iridescent scales 1, deformed body,
sense surroundings 1, screaming 1, slow regeneration 3
a: Device Recharging, Renounce Religion


You were on level 4 of the Dungeon.
You worshipped Makhleb.
Makhleb was noncommittal.
You were not hungry.

You visited 2 branches of the dungeon, and saw 5 of its levels.

You collected 135 gold pieces.

Inventory:

Hand Weapons
 a - a +1 hand crossbow
 k - a +2 flail of crushing
 u - a +0 falchion (weapon)
Missiles
 g - 12 bolts
Armour
 c - a +0 leather armour (worn)
 o - a cursed +0 plate armour
 p - a +1 scale mail
 y - a +0 helmet (worn)
Jewellery
 m - a cursed -3 ring of dexterity {unknown}
Wands
 e - a wand of heal wounds (0/9)
 s - a wand of teleportation (1/9)
 x - a wand of flame (29/48)
Scrolls
 b - a scroll of blinking
 i - a scroll of amnesia
 j - 2 scrolls of identify
 t - 2 scrolls of magic mapping
Potions
 h - a potion of might
 n - 2 potions of lignification {unknown}
 q - 2 potions of curing
 r - a potion of ambrosia
 v - a potion of mutation
 w - a potion of degeneration {unknown}
Comestibles
 d - 16 chunks of flesh
 f - 3 bread rations
 l - 3 meat rations


   Skills:
 + Level 3.4 Fighting
 + Level 0.2 Long Blades
 - Level 6.4 Crossbows
 - Level 2.1 Armour
 + Level 4.1 Dodging
 - Level 1.2 Stealth


You had 5 spell levels left.
You didn't know any spells.

Dungeon Overview and Level Annotations

Branches:
Dungeon (4/15)             Temple (1/1) D:4

Altars:
Dithmenos
Elyvilon
Fedhas
Gozag
Makhleb
Nemelex Xobeh
Qazlal
Ru
Sif Muna
Trog
Vehumet
Xom
Yredelemnul

Annotations:
D:4 Blork the orc, Eustachio


Innate Abilities, Weirdness & Mutations

You are resistant to damage.
You can recharge devices by infusing magical energy.
You passively map a small area around you.
You do not regenerate naturally.
You are partially covered in iridescent scales. (AC +2)
Armour fits poorly on your strangely shaped body.
You occasionally shout uncontrollably at your foes.


Message History

The orc priest is heavily wounded.
Eustachio hits you with a falchion.
The orc wizard points at you and mumbles some strange words.
You feel yourself slow down.
The orc wizard hits you but does no damage.
Eustachio casts a spell.
Eustachio screams, "At last I'll have my revenge!"
The orc wizard hits you but does no damage.
The white imp gestures at you. The puff of frost hits you!
* * * LOW HITPOINT WARNING * * *
The orc wizard points at you and mumbles some strange words.
The magic dart hits you!
* * * LOW HITPOINT WARNING * * *
The orc wizard misses you.
The orc wizard points at you and mumbles some strange words.
You easily resist.
The orc priest calls down the wrath of Beogh upon you.
Beogh smites you!
You die...

,..........)..# #.. , #..
...........#. #.# * ,
....[.....w#.#####.#####..
..........w#..##..........
.........$.##.##รท#..####.
..........r........#......
.........5@.@..#.###.##.##
...#.....#5##.<......#..##
##*#####ro5o.@<..#........,
, #?.>...........##.###
....#........###..#.#
#####........####.#.### , *
#.................#
#.................#
#.................#
#......#(.........##
,,.......#.........>.####


You could see Eustachio, a worm, an orc priest, an orc wizard, a quasit, a white
imp and a quokka.

Vanquished Creatures
  A howler monkey (D:4)
  3 orc priests (D:3)
  4 orc wizards (D:3)
  Robin (D:3)
  A gnoll (D:1)
  4 adders
  An ooze (D:1)
  2 worms (D:2)
  2 giant geckos
  13 orcs
  A giant cockroach (D:3)
  7 hobgoblins
  A quokka (D:2)
  6 bats
  2 giant newts (D:1)
  13 goblins
  5 kobolds
  9 rats
76 creatures vanquished.

Vanquished Creatures (others)
  4 toadstools (D:1)
4 creatures vanquished.

Grand Total: 80 creatures vanquished

Notes
Turn   | Place    | Note
-------+----------+-------------------------------------------
     0 | D:1      | Gagarin the Deep Dwarf Hunter began the quest for the Orb.
     0 | D:1      | Reached XP level 1. HP: 19/19 MP: 1/1
   229 | D:1      | Reached skill level 1 in Armour
   229 | D:1      | Reached XP level 2. HP: 26/26 MP: 2/2
   609 | D:1      | Reached XP level 3. HP: 33/33 MP: 3/3
   780 | D:2      | Gained mutation: You occasionally shout uncontrollably at your foes. [potion of mutation]
   780 | D:2      | Gained mutation: You are partially covered in iridescent scales. (AC +2) [potion of mutation]
   780 | D:2      | Gained mutation: Armour fits poorly on your strangely shaped body. [potion of mutation]
  1115 | D:2      | Found a basalt altar of Yredelemnul.
  1169 | D:2      | Reached XP level 4. HP: 36/40 MP: 4/4
  1186 | D:2      | Found an opulent altar of Gozag.
  1631 | D:3      | Reached skill level 5 in Crossbows
  1746 | D:3      | Found a white marble altar of Elyvilon.
  1777 | D:3      | Reached XP level 5. HP: 30/48 MP: 5/5
  2070 | D:4      | Found a staircase to the Ecumenical Temple.
  2080 | Temple   | Entered the Ecumenical Temple
  2087 | Temple   | Became a worshipper of Makhleb the Destroyer
  2201 | D:4      | Reached skill level 6 in Crossbows
  2207 | D:4      | Reached XP level 6. HP: 45/56 MP: 6/6
  2212 | D:4      | Noticed Eustachio
  2215 | D:4      | Noticed Blork the orc
  2235 | D:4      | Noticed Robin
  2403 | D:3      | Killed Robin
  2465 | D:4      | Killed from afar by an orc priest

Vault maps used:
D:1:      ldierk_walled_garden_2
D:2:      lemuel_crystal_altar, nicolae_gozag_seed_capital, first_bread
D:3:      elyvilon_altar_5
D:4:      tso_altar, uniq_eustachio, uniq_blork_the_orc, uniq_robin
Temple:   eino_temple_lava

Skill      XL: |  1  2  3  4  5  6 |
---------------+-------------------+-----
Fighting       | 2 3 |  3.4
Armour         | 1 2 |  2.1
Dodging        | 3 4 |  4.1
Crossbows      | 5 6 |  6.4
Long Blades    | |  0.2
Stealth        | |  1.2

Action                   |  1- 3 |  4- 6 || total
-------------------------+-------+-------++-------
Melee: Mace              |     3 |       ||     3
       Falchion          |       |    71 ||    71
 Fire: Hand crossbow     |    95 |    98 ||   193
Evoke: Wand              |       |     7 ||     7
  Use: Potion            |     4 |       ||     4
       Scroll            |     2 |     6 ||     8
  Eat: Chunk             |     1 |     4 ||     5
Armor: Leather armour    |     8 |    10 ||    18
       Skin              |       |     9 ||     9
Dodge: Dodged            |    33 |    76 ||   109
